 Dungeon Crawl Stone Soup version 0.27.1-4-g1640c2035a (webtiles) character file.

Game seed: 17612642350568261068

79 cdecastro the Chopper (level 4, 0/39 HPs)
             Began as a Hill Orc Fighter on Oct 31, 2021.
             Succumbed to a goblin's poison
             ... on level 2 of the Dungeon.
             The game lasted 00:02:04 (1849 turns).

cdecastro the Chopper (Hill Orc Fighter)            Turns: 1849, Time: 00:02:04

Health: 0/39       AC:  6    Str: 16 (19) XL:     4   Next: 37%
Magic:  4/4        EV:  9    Int:  5 (8)  God:
Gold:   99         SH:  0    Dex:  8 (10) Spells: 3/3 levels left

rFire    . . .     SeeInvis .   a - +0 war axe
rCold    . . .     Faith    .   (no shield)
rNeg     . . .     Spirit   .   b - +0 scale mail
rPois    .         Reflect  .   (no helmet)
rElec    .         Harm     .   (no cloak)
rCorr    .         Rampage  .   (no gloves)
Will     .....                  (no boots)
Stlth    ..........             (no amulet)
HPRegen  0.13/turn              (no ring)
MPRegen  0.09/turn              (no ring)

@: lethally poisoned (0 -> -3)
A: no striking features
a: no special abilities


You were on level 2 of the Dungeon.
You visited 1 branch of the dungeon, and saw 2 of its levels.

You collected 99 gold pieces.

Inventory:

Hand Weapons
 a - a +0 war axe (weapon)
Missiles
 g - 57 arrows
 i - 50 stones (quivered)
Armour
 b - a +0 scale mail (worn)
Jewellery
 f - a ring of wizardry
Scrolls
 c - 4 scrolls of identify {unknown}
 e - a scroll of amnesia {unknown}
 h - 2 scrolls of fear {unknown}
Potions
 d - a potion of might
 k - a potion of magic


   Skills:
 - Level 3.6 Fighting
 + Level 6.0 Axes
 - Level 3.2 Armour
 - Level 3.2 Shields


You had 3 spell levels left.
You didn't know any spells.
Your spell library contained the following spells:

 Spells                   Type           Power      Damage    Failure   Level
 Passage of Golubria      Tloc           N/A        N/A       100%        4
 Silence                  Hex/Air        0%         N/A       100%        5
 Lehudib's Crystal Spear  Conj/Erth      0%         10d2      100%        8


Dungeon Overview and Level Annotations

Branches:
Dungeon (2/15)

Altars:

Shops:
D:2 =


Message History

The goblin hits you with a +1 dagger of venom.
You barely miss the goblin. The goblin hits you but does no damage.
You are poisoned.
You miss the goblin.
You feel very sick. The goblin hits you but does no damage.
You are more poisoned.
The goblin hits you with a +1 dagger of venom.
You are more poisoned.
You closely miss the goblin.
You feel extremely sick. The goblin hits you but does no damage.
You are lethally poisoned!
You slash the goblin!
You kill the goblin!
* * * LOW HITPOINT WARNING * * *
You feel extremely sick.
* * * LOW HITPOINT WARNING * * *
You feel very sick.
Things that are here:
a +1 dagger of venom; a goblin corpse
* * * LOW HITPOINT WARNING * * *
You feel very sick.
* * * LOW HITPOINT WARNING * * *
You feel very sick.
It was a potion of magic.
Magic courses through your body.
* * * LOW HITPOINT WARNING * * *
You feel sick.
It was a potion of degeneration.
There was something very wrong with that liquid.
You feel weakened.
You feel dopey.
You feel clumsy.
* * * LOW HITPOINT WARNING * * *
You feel sick.
* * * LOW HITPOINT WARNING * * *
You feel sick.
* * * LOW HITPOINT WARNING * * *
You feel sick.
Things that are here:
a +1 dagger of venom; a goblin corpse You die...

#############
#........)@.#
..#########.# ..#.# #.#.#
######.#.###############
......≈.................
#.##..≈.≈...##...########
.....≈...≈.###.#.####
....≈..∩..≈# #.#....#


There were no monsters in sight!

Vanquished Creatures
  An orc wizard (D:2)
  3 dart slugs
  4 orcs (D:2)
  5 bats
  5 endoplasms
  5 goblins
  2 hobgoblins
  A jackal (D:1)
  3 quokkas (D:1)
  5 ball pythons (D:1)
  A frilled lizard (D:2)
  3 kobolds
  6 rats (D:1)
44 creatures vanquished.

Notes
Turn   | Place    | Note
-------+----------+-------------------------------------------
     0 | D:1      | cdecastro the Hill Orc Fighter began the quest for the Orb.
     0 | D:1      | Reached XP level 1. HP: 19/19 MP: 1/1
    26 | D:1      | Reached skill level 3 in Axes
   316 | D:1      | Reached XP level 2. HP: 26/26 MP: 2/2
   373 | D:1      | Reached skill level 4 in Axes
   707 | D:1      | Reached XP level 3. HP: 26/31 MP: 3/3
  1245 | D:2      | Reached skill level 5 in Axes
  1574 | D:2      | Reached XP level 4. HP: 39/39 MP: 4/4
  1595 | D:2      | Reached skill level 6 in Axes
  1817 | D:2      | Found Meghoch's Jewellery Emporium.
  1848 | D:2      | HP: 1/39 [poisoned by a goblin]
  1849 | D:2      | Succumbed to a goblin's poison

Illustrated notes

Levels and vault maps discovered:
D:1:      tarquinn_simple_flora_water_b, layout_rooms, minmay_tetromino_l4
D:2:      layout_basic, ebering_ecumenical_altar_webs, serial_shops,
          nicolae_diamond_shop, nicolae_shop_statue_plus,
          nicolae_shop_statue_plus, nicolae_shop_crystal, shop, kennysheep_boxes

Skill      XL: |  1  2  3  4 |
---------------+-------------+-----
Axes           | 3 4 5 6 |  6.0
Fighting       | |  3.6
Armour         | |  3.2
Shields        | |  3.2

Action                   |  1- 3 |  4- 6 || total
-------------------------+-------+-------++-------
Melee: War axe           |   115 |    26 ||   141
  Use: Potion            |       |     2 ||     2
Armor: Scale mail        |    77 |     8 ||    85
Dodge: Dodged            |    66 |     8 ||    74
